NCAA
TEXAS CHRISTIAN HORNED FROGS @ NORTH CAROLINA TAR HEELS
04/07/2027
 
TOP OF THE 1ST
Texas Christian Horned Frogs batting - Pitching for North Carolina Tar Heels : RHP Bruce Collins
Pitching: RHP Bruce Collins
Batting: RHB Domingo Laydón 0-0: Ball
1-0: Swinging Strike
1-1: Swinging Strike
1-2: Ground out 4-3 (Groundball, 4)
Batting: RHB Stan Webb 0-0: Ball
1-0: Ball
2-0: Ball
3-0: Called Strike
3-1: Ground out 5-3 (Groundball, 5)
Batting: LHB Winston Lewis 0-0: Ball
1-0: Swinging Strike
1-1: Called Strike
1-2: Fly out, F7 (Flyball, 7LM)
Top of the 1st over - 0 run(s), 0 hit(s), 0 error(s), 0 left on base; Texas Christian 0 - North Carolina 0
BOTTOM OF THE 1ST
North Carolina Tar Heels batting - Pitching for Texas Christian Horned Frogs : RHP Troy Perkins
Pitching: RHP Troy Perkins
Batting: RHB Derek Scott 0-0: Called Strike
0-1: Called Strike
0-2: Ground out 6-3 (Groundball, 6)
Batting: RHB Stan Crosby 0-0: Ball
1-0: Foul Ball, location: 2F
1-1: Swinging Strike
1-2: Strikes out swinging
Batting: LHB José Morales 0-0: Called Strike
0-1: Foul Ball, location: 2F
0-2: Foul Ball, location: 2F
0-2: Fly out, F8 (Flyball, 8RD)
Bottom of the 1st over - 0 run(s), 0 hit(s), 0 error(s), 0 left on base; Texas Christian 0 - North Carolina 0
TOP OF THE 2ND
Texas Christian Horned Frogs batting - Pitching for North Carolina Tar Heels : RHP Bruce Collins
Batting: RHB Brad Ravenshaw 0-0: Ball
1-0: Foul Ball, location: 2F
1-1: Swinging Strike
1-2: Ball
2-2: Ball
3-2: Base on Balls
Batting: LHB Paul Lee 0-0: Called Strike
0-1: Ball
1-1: Fielders Choice at 2nd, 4-6 (Groundball, 34D)
Batting: LHB Todd Gilliam 0-0: Called Strike
0-1: Called Strike
0-2: Ball
1-2: Ball
2-2: SINGLE (Flyball, 89S)
Paul Lee to second
Runner from 2nd tries for 3rd, SAFE, throw made to third
Todd Gilliam to second
Batting: LHB Russell Ewing 0-0: Called Strike
0-1: Ball
1-1: Foul Ball, location: 2F
1-2: Foul Ball, location: 2F
1-2: Reached on error, E4 (Groundball, 4)
Paul Lee scores
Todd Gilliam to third
Batting: RHB Jeff Byford 0-0: Ball
Russell Ewing is caught stealing 2nd base
1-0: Fly out, F7 (Flyball, 78S)
Top of the 2nd over - 1 run(s), 1 hit(s), 1 error(s), 1 left on base; Texas Christian 1 - North Carolina 0
BOTTOM OF THE 2ND
North Carolina Tar Heels batting - Pitching for Texas Christian Horned Frogs : RHP Troy Perkins
Batting: LHB Will Robinson 0-0: Called Strike
0-1: SINGLE (Flyball, 6MD)
Batting: SHB Rod Good 0-0: Fly out, F5 (Popup, 56)
Batting: LHB Joe Spears 0-0: Ball
1-0: Called Strike
1-1: SINGLE (Groundball, 34D)
Will Robinson to second
Runner from 2nd tries for 3rd, SAFE, no throw
Batting: RHB Jeff Navarro 0-0: Called Strike
0-1: Ball
1-1: SINGLE (Groundball, 56D)
Will Robinson scores
Joe Spears to second
Batting: LHB Chris Hutchison 0-0: Called Strike
0-1: SINGLE (Flyball, 4MD)
Joe Spears to third
Jeff Navarro to second
Batting: RHB Mauro Vargas 0-0: Foul Ball, location: 2F
0-1: Ball
1-1: Called Strike
1-2: Ball
2-2: Foul Ball, location: 2F
2-2: Fly out, F7 (Flyball, 78S)
Runner from 3rd tags up, SCORES, no throw
Batting: RHB Derek Scott 0-0: Foul Ball, location: 2F
0-1: Ball
1-1: SINGLE (Line Drive, 4MD)
Jeff Navarro to third
Chris Hutchison to second
Throwing error, E8
Jeff Navarro scores
Chris Hutchison to third
Derek Scott to second
Batting: RHB Stan Crosby 0-0: Ball
1-0: Ball
2-0: Ball
3-0: Base on Balls
Batting: LHB José Morales 0-0: Called Strike
0-1: GRAND SLAM HOME RUN (Flyball, 9LD), Distance : 327 ft
Batting: LHB Will Robinson 0-0: Ball
1-0: Fly out, F8 (Flyball, 8RD)
Bottom of the 2nd over - 7 run(s), 6 hit(s), 1 error(s), 0 left on base; Texas Christian 1 - North Carolina 7
TOP OF THE 3RD
Texas Christian Horned Frogs batting - Pitching for North Carolina Tar Heels : RHP Bruce Collins
Batting: SHB Ron Winston 0-0: Called Strike
0-1: Swinging Strike
0-2: Ball
1-2: Strikes out looking
Batting: RHB Domingo Laydón 0-0: Foul Ball, location: 2F
0-1: Ball
1-1: Ball
2-1: Ball
3-1: Base on Balls
Batting: RHB Stan Webb 0-0: Called Strike
0-1: Ground out 6-3 (Groundball, 6S)
Domingo Laydón to second
Batting: LHB Winston Lewis 0-0: Called Strike
0-1: Ball
1-1: Ball
2-1: SINGLE (Groundball, 34D)
Domingo Laydón to third
Runner from 3rd tries for Home, SAFE, no throw
Batting: RHB Brad Ravenshaw 0-0: Ball
1-0: Foul Ball, location: 2F
1-1: Foul Ball, location: 2F
1-2: Ground out 4-3 (Groundball, 4S)
Top of the 3rd over - 1 run(s), 1 hit(s), 0 error(s), 1 left on base; Texas Christian 2 - North Carolina 7
BOTTOM OF THE 3RD
North Carolina Tar Heels batting - Pitching for Texas Christian Horned Frogs : RHP Troy Perkins
Pitching: LHP Liam Frison
Batting: SHB Rod Good 0-0: Called Strike
0-1: Foul Ball, location: 2F
0-2: Ball
1-2: SINGLE (Line Drive, 89S)
Batting: LHB Joe Spears 0-0: Foul Ball, location: 2F
0-1: Ball
1-1: Ball
2-1: Foul Ball, location: 2F
2-2: Ball
3-2: Strikes out swinging
Batting: RHB Jeff Navarro 0-0: Swinging Strike
0-1: Swinging Strike
0-2: Ball
1-2: Strikes out swinging
Batting: LHB Chris Hutchison 0-0: Called Strike
0-1: Swinging Strike
0-2: Ball
1-2: Ball
2-2: Strikes out swinging
Bottom of the 3rd over - 0 run(s), 1 hit(s), 0 error(s), 1 left on base; Texas Christian 2 - North Carolina 7
TOP OF THE 4TH
Texas Christian Horned Frogs batting - Pitching for North Carolina Tar Heels : RHP Bruce Collins
Batting: LHB Paul Lee 0-0: Called Strike
0-1: Swinging Strike
0-2: SINGLE (Groundball, 34S) (infield hit)
Batting: LHB Todd Gilliam 0-0: SINGLE (Groundball, 15) (infield hit)
Paul Lee to second
Batting: LHB Russell Ewing 0-0: Ball
1-0: Foul Ball, location: 2F
1-1: Called Strike
1-2: Ball
2-2: Ball
3-2: Base on Balls
Paul Lee to third
Todd Gilliam to second
Batting: RHB Jeff Byford 0-0: Fly out, F7 (Flyball, 78S)
Runner from 3rd tags up, SCORES, no throw
Batting: SHB Ron Winston 0-0: SINGLE (Groundball, 34S) (infield hit)
Todd Gilliam to third
Russell Ewing to second
Batting: RHB Domingo Laydón 0-0: Ball
1-0: Ball
2-0: Foul Ball, location: 2F
2-1: Ball
3-1: Base on Balls
Todd Gilliam scores
Russell Ewing to third
Ron Winston to second
Batting: RHB Stan Webb 0-0: Ball
Passed Ball!
Russell Ewing scores
Ron Winston to third
Domingo Laydón to second
1-0: Ball
2-0: Called Strike
2-1: Foul Ball, location: 2F
2-2: Foul Ball, location: 2F
2-2: Ball
3-2: Base on Balls
Batting: LHB Winston Lewis 0-0: Called Strike
0-1: Called Strike
0-2: Foul Ball, location: 2F
0-2: SINGLE (Flyball, 9S)
Ron Winston scores
Domingo Laydón to third
Stan Webb to second
Runner from 3rd tries for Home, SAFE, no throw
Pitching: RHP Broderick Miller
Batting: RHB Brad Ravenshaw 0-0: Fly out, F8 (Line Drive, 8LM)
Batting: LHB Paul Lee 0-0: Ball
1-0: Ball
2-0: Called Strike
2-1: Foul Ball, location: 2F
2-2: Foul Ball, location: 2F
2-2: Foul Ball, location: 2F
2-2: Strikes out swinging
Top of the 4th over - 5 run(s), 4 hit(s), 0 error(s), 2 left on base; Texas Christian 7 - North Carolina 7
BOTTOM OF THE 4TH
North Carolina Tar Heels batting - Pitching for Texas Christian Horned Frogs : LHP Liam Frison
Batting: RHB Mauro Vargas 0-0: Called Strike
0-1: Ball
1-1: Ball
2-1: Foul Ball, location: 2F
2-2: Ball
3-2: Foul Ball, location: 2F
3-2: Fly out, F8 (Flyball, 8RM)
Batting: RHB Derek Scott 0-0: Ball
1-0: Ball
2-0: Called Strike
2-1: Fly out, F7 (Flyball, 7LMF)
Batting: RHB Stan Crosby 0-0: Called Strike
0-1: Ball
1-1: Ball
2-1: Called Strike
2-2: Ball
3-2: Base on Balls
Batting: LHB José Morales 0-0: Foul Ball, location: 2F
0-1: Ball
1-1: Foul Ball, location: 2F
1-2: Ball
2-2: SINGLE (Groundball, 5D)
Stan Crosby to second
Pitching: RHP Max Shepard
Batting: LHB Will Robinson 0-0: Foul Ball, location: 2F
0-1: Ball
1-1: Foul Ball, location: 2F
1-2: Strikes out swinging
Bottom of the 4th over - 0 run(s), 1 hit(s), 0 error(s), 2 left on base; Texas Christian 7 - North Carolina 7
TOP OF THE 5TH
Texas Christian Horned Frogs batting - Pitching for North Carolina Tar Heels : RHP Broderick Miller
Batting: LHB Todd Gilliam 0-0: Ball
1-0: Called Strike
1-1: SOLO HOME RUN (Flyball, 9D), Distance : 354 ft
Batting: LHB Russell Ewing 0-0: Swinging Strike
0-1: Ball
1-1: SINGLE (Line Drive, 7S)
Batting: RHB Jeff Byford 0-0: Grounds into double play, 6-4-3 (Groundball, 6)
Batting: SHB Ron Winston 0-0: Foul Ball, location: 2F
0-1: Called Strike
0-2: Strikes out looking
Top of the 5th over - 1 run(s), 2 hit(s), 0 error(s), 0 left on base; Texas Christian 8 - North Carolina 7
BOTTOM OF THE 5TH
North Carolina Tar Heels batting - Pitching for Texas Christian Horned Frogs : RHP Max Shepard
Batting: SHB Rod Good 0-0: Ball
1-0: Foul Ball, location: 2F
1-1: Ground out 4-3 (Groundball, 34)
Batting: LHB Joe Spears 0-0: Fly out, F8 (Flyball, 8RD)
Batting: RHB Jeff Navarro 0-0: Called Strike
0-1: Ball
1-1: Foul Ball, location: 2F
1-2: Foul Ball, location: 2F
1-2: SINGLE (Groundball, 6MD)
Batting: LHB Chris Hutchison 0-0: Called Strike
0-1: Called Strike
0-2: Foul Ball, location: 2F
0-2: Ball
1-2: Strikes out looking
Bottom of the 5th over - 0 run(s), 1 hit(s), 0 error(s), 1 left on base; Texas Christian 8 - North Carolina 7
TOP OF THE 6TH
Texas Christian Horned Frogs batting - Pitching for North Carolina Tar Heels : RHP Broderick Miller
Batting: RHB Domingo Laydón 0-0: Ball
1-0: Ball
2-0: Swinging Strike
2-1: Foul Ball, location: 2F
2-2: Strikes out swinging, 2-3 out at first.
Batting: RHB Stan Webb 0-0: Ball
1-0: Foul Ball, location: 2F
1-1: Ball
2-1: Ball
3-1: Foul Ball, location: 2F
3-2: Foul Ball, location: 2F
3-2: DOUBLE (Line Drive, 3D)
Batting: LHB Winston Lewis 0-0: Ground out 4-3 (Groundball, 34)
Stan Webb to third
Batting: RHB Brad Ravenshaw 0-0: Called Strike
0-1: Swinging Strike
0-2: Reached on error, E6 (Groundball, 6)
Stan Webb scores
Batting: LHB Paul Lee 0-0: Ball
1-0: Swinging Strike
1-1: Swinging Strike
1-2: Ball
Brad Ravenshaw steals 2nd base
2-2: Ground out 4-3 (Groundball, 4)
Top of the 6th over - 1 run(s), 1 hit(s), 1 error(s), 1 left on base; Texas Christian 9 - North Carolina 7
BOTTOM OF THE 6TH
North Carolina Tar Heels batting - Pitching for Texas Christian Horned Frogs : RHP Max Shepard
Batting: RHB Mauro Vargas 0-0: Called Strike
0-1: Ball
1-1: Ball
2-1: Ball
3-1: Swinging Strike
3-2: Foul Ball, location: 2F
3-2: Base on Balls
Batting: RHB Derek Scott 0-0: Called Strike
0-1: Ball
1-1: Fly out, F8 (Flyball, 8LS)
Batting: RHB Stan Crosby 0-0: Ball
1-0: Foul Ball, location: 2F
1-1: Ball
2-1: Called Strike
2-2: Strikes out swinging
Batting: LHB José Morales 0-0: 2-RUN HOME RUN (Flyball, 9D), Distance : 351 ft
Batting: LHB Will Robinson 0-0: Called Strike
0-1: Swinging Strike
0-2: Ball
1-2: Foul Ball, location: 2F
1-2: Foul Ball, location: 2F
1-2: Fly out, F6 (Popup, 56D)
Bottom of the 6th over - 2 run(s), 1 hit(s), 0 error(s), 0 left on base; Texas Christian 9 - North Carolina 9
TOP OF THE 7TH
Texas Christian Horned Frogs batting - Pitching for North Carolina Tar Heels : RHP Broderick Miller
Batting: LHB Todd Gilliam 0-0: Ground out 4-3 (Groundball, 4)
Batting: LHB Russell Ewing 0-0: Ball
1-0: Called Strike
1-1: Swinging Strike
1-2: Foul Ball, location: 2F
1-2: Ball
2-2: Ball
3-2: Foul Ball, location: 2F
3-2: Foul Ball, location: 2F
3-2: Foul Ball, location: 2F
3-2: Strikes out swinging
Batting: RHB Jeff Byford 0-0: Foul Ball, location: 2F
0-1: Ball
1-1: Foul Ball, location: 2F
1-2: Ball
2-2: Strikes out swinging
Top of the 7th over - 0 run(s), 0 hit(s), 0 error(s), 0 left on base; Texas Christian 9 - North Carolina 9
BOTTOM OF THE 7TH
North Carolina Tar Heels batting - Pitching for Texas Christian Horned Frogs : RHP Max Shepard
Pitching: RHP Hsin-pei Hong
Batting: SHB Rod Good 0-0: Called Strike
0-1: Foul Ball, location: 2F
0-2: DOUBLE (Flyball, 8RD)
Batting: LHB Joe Spears 0-0: Intentional Walk
Batting: RHB Jeff Navarro 0-0: Called Strike
0-1: Ball
1-1: Ball
2-1: Fly out, F4 (Line Drive, 4)
Batting: LHB Chris Hutchison 0-0: Called Strike
0-1: Ball
1-1: Ball
2-1: Called Strike
2-2: Ball
3-2: Single, Error in OF, E7, batter to second base
Rod Good scores
Joe Spears to third
Pinch Hitting: RHB Salvador Silva 0-0: Ball
1-0: Ground out 5-3 (Groundball, 25)
Batting: RHB Derek Scott 0-0: Foul Ball, location: 2F
0-1: Ball
1-1: Ball
2-1: SINGLE (Groundball, 6MS) (infield hit)
Joe Spears scores
Chris Hutchison to third
Pitching: LHP Bob Watkins
Batting: RHB Stan Crosby 0-0: Ball
1-0: Ball
2-0: Swinging Strike
2-1: Hit by Pitch
Derek Scott to second
Batting: LHB José Morales 0-0: Foul Ball, location: 2F
0-1: Ball
1-1: Ball
2-1: Called Strike
2-2: Foul Ball, location: 2F
2-2: Ball
3-2: Foul Ball, location: 2F
3-2: Foul Ball, location: 2F
3-2: Base on Balls
Chris Hutchison scores
Derek Scott to third
Stan Crosby to second
Batting: LHB Will Robinson 0-0: Foul Ball, location: 2F
0-1: Ball
1-1: Ball
2-1: Foul Ball, location: 2F
2-2: Foul Ball, location: 2F
2-2: Fly out, F9 (Flyball, 89D)
Bottom of the 7th over - 3 run(s), 3 hit(s), 1 error(s), 3 left on base; Texas Christian 9 - North Carolina 12
TOP OF THE 8TH
Texas Christian Horned Frogs batting - Pitching for North Carolina Tar Heels : RHP Broderick Miller
Pitching: RHP James McGookin
Now at 1B: Jeffrey Thomas
Batting: SHB Ron Winston 0-0: Fly out, F7 (Line Drive, 78M)
Batting: RHB Domingo Laydón 0-0: Called Strike
0-1: Foul Ball, location: 2F
0-2: Ground out 1-3 (Groundball, 13)
Batting: RHB Stan Webb 0-0: Ball
1-0: Ball
2-0: SINGLE (Line Drive, 34)
Pitching: LHP Gene Johnston
Batting: LHB Winston Lewis 0-0: Called Strike
0-1: Ball
1-1: Ball
2-1: Ball
3-1: Called Strike
3-2: Strikes out looking
Top of the 8th over - 0 run(s), 1 hit(s), 0 error(s), 1 left on base; Texas Christian 9 - North Carolina 12
BOTTOM OF THE 8TH
North Carolina Tar Heels batting - Pitching for Texas Christian Horned Frogs : LHP Bob Watkins
Batting: SHB Rod Good 0-0: Called Strike
0-1: Called Strike
0-2: Ball
1-2: Foul Ball, location: 2F
1-2: Ground out 6-3 (Groundball, 6)
Batting: LHB Joe Spears 0-0: Ball
1-0: Foul Ball, location: 2F
1-1: Ball
2-1: Fly out, F8 (Line Drive, 8RM)
Batting: RHB Jeff Navarro 0-0: Ball
1-0: Foul Ball, location: 2F
1-1: Ball
2-1: Called Strike
2-2: Foul Ball, location: 2F
2-2: Foul Ball, location: 2F
2-2: Foul Ball, location: 2F
2-2: Fly out, F8 (Flyball, 8RM)
Bottom of the 8th over - 0 run(s), 0 hit(s), 0 error(s), 0 left on base; Texas Christian 9 - North Carolina 12
TOP OF THE 9TH
Texas Christian Horned Frogs batting - Pitching for North Carolina Tar Heels : LHP Gene Johnston
Pitching: RHP Nathan Ford
Batting: RHB Brad Ravenshaw 0-0: Called Strike
0-1: Swinging Strike
0-2: Ball
1-2: Fly out, F5 (Popup, 5L)
Batting: LHB Paul Lee 0-0: Called Strike
0-1: Ball
1-1: Ball
2-1: Ground out 3-1 (Groundball, 34S)
Batting: LHB Todd Gilliam 0-0: Ball
1-0: Foul Ball, location: 2F
1-1: Swinging Strike
1-2: Ball
2-2: Ball
3-2: Fly out, F9 (Flyball, 89M)
Top of the 9th over - 0 run(s), 0 hit(s), 0 error(s), 0 left on base; Texas Christian 9 - North Carolina 12
Thursday, March 30th, 2017 - OOTP Baseball 17.12 Build 75